 Dungeon Crawl Stone Soup version 0.30-b1-2-g02819fbbbe (webtiles) character file.

Game seed: 7733770715186325111

765 rcg1917 the Ruffian (level 7, 0/102 HPs)
             Began as a Troll Berserker on May 24, 2023.
             Was a Priest of Trog.
             Slain by a sleepcap (1 damage)
             ... on level 5 of the Dungeon.
             The game lasted 00:13:47 (3850 turns).

rcg1917 the Ruffian (Troll Berserker)               Turns: 3850, Time: 00:13:47

Health: 0/102      AC:  4    Str: 28    XL:     7   Next: 51%
Magic:  6/6        EV: 10    Int:  3    God:    Trog [***...]
Gold:   354        SH:  0    Dex:  9    Spells: 6/6 levels left

rFire   . .          .
                       - Unarmed
rCold   . . .        (no shield)
rNeg    . . .        a - +0 animal skin
rPois   .            (helmet restricted)
rElec   .            (no cloak)
rCorr   .            (gloves unavailable)
SInv    .            (boots unavailable)
Will    .....        (no amulet) Stlth
                     (no ring)
HPRegen 1.17/turn    (no ring)
MPRegen 0.10/turn

%: no passive effects
@: berserking, lethally poisoned (0 -> -1), very quick
A: large, unfitting armour, claws 3, regeneration 1, shaggy fur 1, tough skin 1
a: Renounce Religion, Berserk, Trog's Hand


You were on level 5 of the Dungeon.
You worshipped Trog.
Trog was most pleased with you.
You visited 1 branch of the dungeon, and saw 5 of its levels.

You collected 354 gold pieces.

Inventory:

Hand Weapons
 A - a +0 hammer
Missiles
 B - 5 poisoned darts (quivered)
Armour
 a - a +0 animal skin (worn)
Magical Staves
 p - a staff of poison
Jewellery
 m - an amulet of regeneration
 t - a ring of protection from cold
 v - an amulet of magic regeneration
Scrolls
 b - 4 scrolls of identify {unknown}
 d - a scroll of poison {unknown}
 e - 2 scrolls of amnesia {unknown}
 k - 2 scrolls of torment {unknown}
 o - a scroll of teleportation {unknown}
 q - a scroll of vulnerability {unknown}
 r - a scroll of enchant weapon {unknown}
 s - 3 scrolls of fear {unknown}
 x - 3 scrolls of fog {unknown}
 y - a scroll of immolation {unknown}
Potions
 c - a potion of lignification {unknown}
 f - 2 potions of heal wounds {unknown}
 g - 2 potions of curing {unknown}
 h - 2 potions of brilliance {unknown}
 i - a potion of invisibility {unknown}
 j - a potion of berserk rage {unknown}
 l - 2 potions of mutation {unknown}
 n - a potion of cancellation {unknown}
 u - a potion of degeneration {unknown}
 w - 2 potions of flight {unknown}
 z - 2 potions of ambrosia {unknown}


   Skills:
 + Level 3.7 Fighting
 + Level 4.3 Dodging
 + Level 0.5 Stealth
 + Level 6.8 Unarmed Combat


You had 6 spell levels left.
You didn't know any spells.
Your spell library contained the following spells:

 Spells                   Type           Power      Damage    Failure   Level
 Apportation              Tloc           0%         N/A       52%         1
 Necrotise                Necr           0%         1d4       52%         1
 Summon Small Mammal      Summ           0%         N/A       52%         1


Dungeon Overview and Level Annotations

Branches:
Dungeon (5/15)             Temple (0/1) D:4

Altars:
Zin

Shops:
D:2 :   D:5 :


Innate Abilities, Weirdness & Mutations

You are too large for most types of armour.
You have claws for hands.
Your natural rate of healing is unusually fast.
You are covered in fur. (AC +1)
You have tough skin. (AC +1)


Message History

A sleepcap comes into view.
The dart slug launches a dart at you. The slug dart hits you.
The scorpion stings you.
You are poisoned.
The scorpion poisons you!
You mangle the scorpion!!
You kill the scorpion!
Trog accepts your kill.
You feel very sick. The ogre closely misses you.
You feel very sick. The ogre hits you with a +0 giant club!
You see here a scorpion corpse.
You feel sick.
You mangle the ogre!! Your claw misses the ogre.
The ogre is severely wounded.
You feel sick.
The ogre hits you with a +0 giant club!!
* * * LOW HITPOINT WARNING * * *
You claw the ogre! You claw the ogre.
You kill the ogre!
Trog accepts your kill.
You feel sick.
You scratch the sleepcap but do no damage.
You feel sick. The sleepcap misses you.
You claw the sleepcap!
The sleepcap is moderately damaged.
You feel sick.
A red film seems to cover your vision as you go berserk!
You feel yourself moving faster!
You feel mighty!
You feel sick. The sleepcap releases spores at you.
* * * LOW HITPOINT WARNING * * *
You are engulfed in a cloud of soporific spores!
You are unaffected.
The dart slug bites you.
* * * LOW HITPOINT WARNING * * *
You claw the sleepcap!
The sleepcap is heavily damaged.
The sleepcap releases spores at you.
You die...

.. ....... #.#########
....... #.........#
....... ..........#
....... ....!.....#
.......### ..........#
#... ..........# ##.##
.......†..# #..#
###...f@..### ###.##
#...w.....######...#
#.......#....##..###
############....######
###.>...... #########


You could see a sleepcap and a dart slug.

Vanquished Creatures
  4 ogres
  2 scorpions
  Crazy Yiuf (D:3)
  2 hounds
  2 orc wizards (D:4)
  4 gnolls (D:4)
  2 adders
  2 river rats (D:4)
  2 worms
  A dart slug (D:2)
  2 orcs (D:4)
  10 endoplasms
  4 giant cockroaches
  13 hobgoblins
  6 jackals
  3 quokkas
  8 ball pythons
  A bat (D:1)
  6 frilled lizards
  14 goblins
  6 kobolds
  6 rats
101 creatures vanquished.

Notes
Turn   | Place    | Note
-------+----------+-------------------------------------------
     0 | D:1      | rcg1917 the Troll Berserker began the quest for the Orb.
     0 | D:1      | Reached XP level 1. HP: 22/22 MP: 0/0
    79 | D:1      | Reached XP level 2. HP: 29/29 MP: 1/1
   237 | D:1      | HP: 1/43 [quokka (4)]
   644 | D:1      | Reached XP level 3. HP: 36/36 MP: 2/2
   671 | D:1      | Found a faded altar of an unknown god.
   854 | D:2      | Reached ** piety under Trog
  1084 | D:2      | Found Hoilonec's Book Boutique.
  1449 | D:2      | Found a glowing silver altar of Zin.
  1693 | D:3      | Reached XP level 4. HP: 44/44 MP: 3/3
  2120 | D:3      | Reached skill level 4 in Unarmed Combat
  2165 | D:3      | Identified the +6 hammer of the Eternal Void {venom, rN+
                  | Int+3 Stlth+}
  2206 | D:3      | Found a runed translucent door.
  2207 | D:3      | Noticed Crazy Yiuf
  2378 | D:3      | Killed Crazy Yiuf
  2440 | D:4      | HP: 2/45 [something (4)]
  2458 | D:4      | Reached XP level 5. HP: 13/53 MP: 4/4
  2587 | D:4      | Reached *** piety under Trog
  2691 | D:4      | Found a staircase to the Ecumenical Temple.
  2725 | D:4      | Found a glowing drain.
  2760 | D:4      | Reached skill level 5 in Unarmed Combat
  2984 | D:4      | Noticed an ogre
  2991 | D:4      | Killed an ogre
  2992 | D:4      | Reached XP level 6. HP: 61/61 MP: 5/5
  3159 | D:4      | Reached skill level 6 in Unarmed Combat
  3223 | D:4      | Reached XP level 7. HP: 67/67 MP: 6/6
  3609 | D:5      | Entered Level 5 of the Dungeon
  3777 | D:5      | Found Teijam's Book Boutique.
  3845 | D:5      | HP: 2/67 [ogre/+0 giant club (20)]
  3850 | D:5      | Slain by a sleepcap

Illustrated notes

Levels and vault maps discovered:
D:1:      dpeg_arrival_windows_large_door, layout_rooms,
          shapermc_ecumenical_altar_totnotflames, minmay_misc_feat_hallway,
          minmay_misc_feat_secret_circle, minmay_indecisive_spiral
D:2:      layout_basic, basic_altar, serial_shops,
          nicolae_shop_tiny_statue_garden
D:3:      cheibrodos_greedy_goblins, layout_loops_ring, skrybe_limestone_x,
          uniq_crazy_yiuf_cottage
D:4:      layout_basic, minmay_temple_entry_enclosed_plants,
          portal_sewer_entry_c
D:5:      layout_basic, serial_shops, nicolae_book_shop_shelving

Skill      XL: |  1  2  3  4  5  6 |
---------------+-------------------+-----
Dodging        | 3 4 |  4.3
Unarmed Combat | 4 5 6 |  6.8
Fighting       | 3 |  3.7
Stealth        | |  0.5

Action                     |  1- 3 |  4- 6 |  7- 9 || total
---------------------------+-------+-------+-------++-------
  Melee: Unarmed           |   123 |   107 |    12 ||   242
         Punch             |     3 |     2 |     2 ||     7
 Invoke: Berserk           |     1 |       |     1 ||     2
 Armour: Animal skin       |    60 |    41 |       ||   101
  Dodge: Dodged            |    85 |    77 |     5 ||   167
